 Dungeon Crawl Stone Soup version 0.30.1 (webtiles) character file.

Game seed: 6540599403604902091

838 Graphine the Trooper (level 7, -4/61 HPs)
             Began as a Hill Orc Fighter on July 7, 2023.
             Was a Believer of Sif Muna.
             Killed from afar by an acid dragon (27 damage)
             ... with a splash of acid
             ... on level 5 of the Dungeon.
             The game lasted 00:15:23 (4219 turns).

Graphine the Trooper (Hill Orc Fighter)             Turns: 4219, Time: 00:15:23

Health: -4/61      AC:  2    Str: 17 (19) XL:     7   Next: 99%
Magic:  9/9        EV:  5    Int:  7 (10) God:    Sif Muna [**....]
Gold:   197        SH:  4    Dex:  9 (10) Spells: 6/6 levels left

rFire   . . .        h - staff of earth
rCold   . . .        c - +0 buckler
rNeg    . . .        u - +0 plate armour
rPois   +            d - +0 helmet
rElec   .            (no cloak)
rCorr   .            b - +0 pair of gloves
SInv    .            (no boots)
Will    +....        f - amulet of regeneration Stlth
                     n - ring of willpower
HPRegen 1.10/turn    p - ring of poison resistance
MPRegen 0.11/turn

%: no passive effects
@: corroded, studying Shields
A: no striking features
a: Renounce Religion, Channel Magic


You were on level 5 of the Dungeon.
You worshipped Sif Muna.
Sif Muna was pleased with you.
You visited 1 branch of the dungeon, and saw 5 of its levels.
You also visited: Sewer.

You collected 217 gold pieces.
You spent 20 gold pieces at shops.

Inventory:

Hand Weapons
 a - a +0 war axe
Armour
 b - a +0 pair of gloves (worn)
 c - a +0 buckler (worn)
 d - a +0 helmet (worn)
 u - a +0 plate armour (worn)
Magical Staves
 h - a staff of earth (weapon)
Jewellery
 f - an amulet of regeneration (around neck)
 m - a +6 ring of strength
 n - a ring of willpower (left hand)
 p - a ring of poison resistance (right hand)
Scrolls
 g - 2 scrolls of teleportation
 r - a scroll of fear
 t - a scroll of blinking
 y - a scroll of identify
Potions
 e - 3 potions of cancellation
 i - 2 potions of brilliance
 j - 3 potions of degeneration
 k - a potion of attraction
 l - 3 potions of flight
 q - 3 potions of curing
 v - a potion of heal wounds
 w - a potion of ambrosia {unknown}
 x - a potion of resistance {unknown}
 z - a potion of haste {unknown}
 A - a potion of lignification {unknown}


   Skills:
 + Level 5.0 Fighting
 - Level 3.0 Axes
 * Level 3.4 Staves
 + Level 4.6 Armour
 + Level 5.0 Shields
 + Level 2.6 Earth Magic
 + Level 2.9 Invocations
 * Level 3.7 Evocations


You had 6 spell levels left.
You didn't know any spells.
Your spell library contained the following spells:

 Spells                   Type           Power      Damage    Failure   Level
 Inner Flame              Hex/Fire       0%         N/A       100%        3
 Flame Wave               Conj/Fire      0%         2d4       100%        4
 Sticky Flame             Conj/Fire      0%         2d3       100%        4
 Summon Lightning Spire   Summ/Air       0%         N/A       100%        4
 Storm Form               Tmut/Air       0%         N/A       100%        7
 Maxwell's Capacitive Co  Air            0%         ∞         100%        8


Dungeon Overview and Level Annotations

Branches:
Dungeon (5/15)             Temple (0/1) D:4           Sewer (visited)

Altars:
Ashenzari
Cheibriados
Dithmenos
Hepliaklqana
Makhleb
Nemelex Xobeh
Sif Muna
Uskayaw
Vehumet

Shops:
D:3 *


Message History

The acid dragon claws you but does no damage.
You hit the acid dragon but do no damage.
The acid dragon is moderately wounded.
The acid dragon bites you but does no damage.
The acid dragon claws you but does no damage.
You hit the acid dragon but do no damage.
The acid dragon is moderately wounded.
The acid dragon spits acid at you. The splash of acid hits you!!
The acid corrodes you!
You hit the acid dragon but do no damage.
The acid dragon is moderately wounded.
The acid dragon closely misses you.
The acid dragon claws you but does no damage.
You closely miss the acid dragon.
The acid dragon is moderately wounded.
The acid dragon bites you. The acid dragon claws you.
You hit the acid dragon but do no damage.
The acid dragon is moderately wounded.
The acid dragon spits acid at you. The splash of acid hits you!
The acid corrodes you!
You hit the acid dragon but do no damage.
The acid dragon is moderately wounded.
You block the acid dragon's attack. The acid dragon claws you.
You hit the acid dragon but do no damage.
The acid dragon is moderately wounded.
The acid dragon bites you.
* * * LOW HITPOINT WARNING * * *
The acid dragon claws you.
* * * LOW HITPOINT WARNING * * *
The acid dragon bites you.
* * * LOW HITPOINT WARNING * * *
The acid dragon claws you.
* * * LOW HITPOINT WARNING * * *
Okay, then.
Blink to where?
Press: ? - help, Dir - move target
As you read the scroll of blinking, it crumbles to dust.
The acid dragon spits acid at you. The splash of acid hits you!!
You die...

..))## ##.......# #####.# #
..##)###.######.# #.....# #
.####D#.## #.# #.##### ### ##
##.## #.# #.# #.. * #.# #.# #.#
#####.# * #.# #.###.### #.....#
* #.# #.#.....#####.##### *
#.########...###....##.# *
#...D......@<# #....##.##### *
###########..###....##.#.... *
#......#.###.#.### *
#.####.......#.#
***************#.# ##.§.....#.#
,,,,,,,,,,,,,,,#.# #..§§§≈§...#
,**********,>,,..# #..§≈§§....#
,,,,,,,,,,,,,,,..# #.≈§§§..≈..#
,********,,,,,..#*##.≈≈...≈≈..#


You could see an acid dragon (catching breath).

Vanquished Creatures
  A water moccasin (D:4)
  A scorpion (D:5)
  2 hounds
  3 jellies (Sewer)
  An orc priest (D:4)
  2 sleepcaps (D:5)
  A gnoll bouda (D:5)
  2 orc wizards
  Robin (D:3)
  8 gnolls (D:5)
  6 adders
  3 river rats (Sewer)
  4 worms
  3 dart slugs
  10 orcs
  5 ball pythons
  11 endoplasms
  8 giant cockroaches
  15 goblins
  6 hobgoblins
  5 kobolds
  3 quokkas (D:3)
  7 bats
  4 frilled lizards
  3 rats
115 creatures vanquished.

Vanquished Creatures (collateral kills)
  A kobold brigand (D:4)
  An orc (D:4)
2 creatures vanquished.

Grand Total: 117 creatures vanquished

Notes
Turn   | Place    | Note
-------+----------+-------------------------------------------
     0 | D:1      | Graphine the Hill Orc Fighter began the quest for the Orb.
     0 | D:1      | Reached XP level 1. HP: 19/19 MP: 1/1
   208 | D:1      | Reached XP level 2. HP: 21/27 MP: 2/2
   275 | D:1      | Found a faded altar of an unknown god.
   825 | D:2      | Reached skill level 1 in Evocations
   825 | D:2      | Reached XP level 3. HP: 26/33 MP: 3/3
   833 | D:2      | Reached skill level 1 in Staves
  1467 | D:3      | Found a radiant altar of Vehumet.
  1498 | D:3      | Reached XP level 4. HP: 40/40 MP: 4/4
  1505 | D:3      | Noticed Robin
  1513 | D:3      | Reached skill level 1 in Earth Magic
  1531 | D:3      | Killed Robin
  1629 | D:3      | Found a shimmering blue altar of Sif Muna.
  1640 | D:3      | Became a worshipper of Sif Muna the Loreminder
  1715 | D:3      | Found Ducuigg's General Store.
  1726 | D:3      | Bought a scroll of identify for 20 gold pieces
  2025 | D:4      | Found a hazy altar of Hepliaklqana.
  2025 | D:4      | Found a shadowy altar of Dithmenos.
  2025 | D:4      | Found a broken altar of Ashenzari.
  2025 | D:4      | Found a hide-covered altar of Uskayaw.
  2036 | D:4      | Reached XP level 5. HP: 46/46 MP: 5/5
  2132 | D:4      | Found a snail-covered altar of Cheibriados.
  2146 | D:4      | Found a staircase to the Ecumenical Temple.
  2267 | D:4      | Noticed a kobold brigand
  2313 | D:4      | Killed a kobold brigand
  2314 | D:4      | Reached skill level 1 in Invocations
  2314 | D:4      | Reached XP level 6. HP: 29/52 MP: 6/6
  2354 | D:4      | Noticed a water moccasin
  2391 | D:4      | Killed a water moccasin
  2922 | D:5      | Entered Level 5 of the Dungeon
  3028 | D:5      | Reached XP level 7. HP: 55/60 MP: 8/8
  3073 | D:5      | Noticed a hornet
  3079 | D:5      | a hornet changed into an acid dragon
  3088 | D:5      | Found a sparkling altar of Nemelex Xobeh.
  3155 | D:5      | Found a burning altar of Makhleb.
  3246 | D:5      | Found a glowing drain.
  3257 | Sewer    | Entered a sewer
  3291 | Sewer    | Reached * piety under Sif Muna
  3535 | Sewer    | Found a viscous altar of Jiyva.
  3909 | D:5      | Reached ** piety under Sif Muna
  3910 | D:5      | Reached skill level 5 in Fighting
  4124 | D:5      | Reached skill level 5 in Shields
  4219 | D:5      | Killed from afar by an acid dragon

Illustrated notes

Levels and vault maps discovered:
D:1:      minmay_arrival_four_circles, layout_basic,
          hellmonk_ecumenical_altar_arch_garden
D:2:      layout_basic
D:3:      layout_rooms, lemuel_crystal_altar, lemuel_crystal_altar,
          serial_shops, nicolae_diamond_shop, grunt_ministairs_6, st_stairs_9,
          uniq_robin
D:4:      layout_basic, grunt_temple_overflow_open, temple_statues,
          minmay_manual_monstrance
D:5:      layout_loops_ring, mainiacjoe_overflow_small_starburst,
          nemelex_spade_bored_becter, cheibrodos_sewer_entry_sluice,
          uniq_menkaure

Skill      XL: |  1  2  3  4  5  6  7 |
---------------+----------------------+-----
Axes           | 3 |  3.0
Evocations     | 1 2 3 |  3.7
Staves         | 1 2 3 |  3.4
Earth Magic    | 1 2 |  2.6
Fighting       | 4 5 |  5.0
Armour         | 4 |  4.6
Invocations    | 1 2 |  2.9
Shields        | 4 5 |  5.0

Action                     |  1- 3 |  4- 6 |  7- 9 || total
---------------------------+-------+-------+-------++-------
  Melee: War axe           |    47 |       |       ||    47
         Staff             |    55 |   333 |   307 ||   695
  Evoke: Wand              |       |     3 |    11 ||    14
    Use: Scroll            |     5 |    10 |     3 ||    18
         Potion            |     1 |     2 |     3 ||     6
 Armour: Scale mail        |    50 |       |       ||    50
         Plate armour      |     5 |   237 |   291 ||   533
  Dodge: Dodged            |    46 |    96 |   106 ||   248
  Block: Buckler           |    24 |    68 |    95 ||   187
